 Dungeon Crawl Stone Soup version 0.31-a0-851-g7ff8af7976 (webtiles) character file.

Game seed: 10059871813209477333

102 Schnaeble the Slasher (level 4, -3/41 HPs)
             Began as a Minotaur Fighter on Oct 7, 2023.
             Slain by a gnoll
             ... wielding a +2 whip of electrocution
              (11 damage)
             ... on level 2 of the Dungeon.
             The game lasted 00:00:59 (798 turns).

Schnaeble the Slasher (Minotaur Fighter)             Turns: 798, Time: 00:00:59

Health: -3/41      AC:  8    Str: 22    XL:     4   Next: 50%
Magic:  3/3        EV:  9    Int:  5    God:
Gold:   39         SH:  4    Dex: 10    Spells: 3/3 levels left

rFire   . . .        a - +0 long sword
rCold   . . .        c - +0 buckler
rNeg    . . .        b - +0 scale mail
rPois   .            (helmet restricted)
rElec   .            (no cloak)
rCorr   .            (no gloves)
SInv    .            k - +0 pair of boots
Will    .....        (no amulet) Stlth
                     (no ring)
HPRegen 0.26/turn    (no ring)
MPRegen 0.08/turn

%: no passive effects
@: mighty, slowed, very slow
A: horns 2, retaliatory headbutt
a: no special abilities


You were on level 2 of the Dungeon.
You visited 1 branch of the dungeon, and saw 2 of its levels.

You collected 39 gold pieces.

Inventory:

Hand Weapons
 a - a +0 long sword (weapon)
Armour
 b - a +0 scale mail (worn)
 c - a +0 buckler (worn)
 k - a +0 pair of boots (worn)
Scrolls
 e - a scroll of noise {unknown}
 h - a scroll of acquirement {unknown}
 i - a scroll of teleportation {unknown}
 l - a scroll of revelation {unknown}
Potions
 f - a potion of curing {unknown}
 g - 2 potions of heal wounds {unknown}
 j - a potion of attraction {unknown}


   Skills:
 + Level 4.5 Fighting
 * Level 5.0 Long Blades
 - Level 3.6 Armour
 + Level 0.3 Dodging
 + Level 0.1 Stealth
 - Level 3.6 Shields


You had 3 spell levels left.
You didn't know any spells.
Your spell library contained the following spells:

 Spells                   Type           Power      Damage    Failure   Level
 Manifold Assault         Tloc           0%         N/A       100%        4
 Dispersal                Tloc           0%         N/A       100%        6
 Disjunction              Tloc           0%         N/A       100%        8


Dungeon Overview and Level Annotations

Branches:
Dungeon (2/15)

Altars:


Innate Abilities, Weirdness & Mutations

You have a pair of horns on your head.
You reflexively headbutt those who attack you in melee.


Message History

Natasha claws you.
The cerulean imp hits you from afar with a +0 spear.
Natasha claws you.
You slash Natasha!
You kill Natasha!
Natasha screams in pain as she dies!
The cerulean imp disappears in a puff of smoke!
A gnoll comes into view.
It is wielding a +2 whip of electrocution.
The gnoll hits you from afar with a +0 spear.
You have reached level 4!
You feel agile.
The gnoll shouts!
You block the gnoll's attack.
You hit the gnoll.
The gnoll is heavily wounded.
The gnoll hits you but does no damage. x2
You closely miss the gnoll.
The gnoll is heavily wounded.
The gnoll hits you with a +0 spear.
* * * LOW HITPOINT WARNING * * *
You block the gnoll's attack.
You slash the gnoll!
You kill the gnoll!
You block the gnoll's attack.
You closely miss the gnoll. The gnoll hits you with a +0 club.
* * * LOW HITPOINT WARNING * * *
You slash the gnoll!
You kill the gnoll!
The gnoll closely misses you. You furiously retaliate!
You headbutt the gnoll!
You kill the gnoll!
Your Long Blades skill increases to level 5!
The gnoll hits you with a +2 whip of electrocution.
* * * LOW HITPOINT WARNING * * *
You block the gnoll's attack.
Items here: ))) †.
You slash the gnoll!
The gnoll is heavily wounded.
The gnoll misses you. The gnoll hits you but does no damage.
You are electrocuted!
You die...

#.# .. .# #.#### ..
.# ##....# .###.####.
..##.# ........g
#.##.# #....g.g.
#)##.# #.# #.##.# #.#
##.##.########g#
#...........##@#
#..##.#####.##.#
#.<##.# ##.##.#
#..##.####.....#...
#..##.....#..........
...#######...###.....
###.. ##..# #.... ...
#..# #... ### .....
...


You could see a gnoll.

Vanquished Creatures
  Jessica (D:2)
  Natasha (D:2)
  An adder (D:2)
  3 gnolls (D:2)
  A worm (D:2)
  A bat (D:1)
  2 endoplasms (D:1)
  A goblin (D:1)
  A hobgoblin (D:1)
  2 ball pythons (D:1)
  A frilled lizard (D:1)
  A rat (D:1)
16 creatures vanquished.

Notes
Turn   | Place    | Note
-------+----------+-------------------------------------------
     0 | D:1      | Schnaeble the Minotaur Fighter began the quest for the Orb.
     0 | D:1      | Reached XP level 1. HP: 19/19 MP: 0/0
   266 | D:1      | Reached skill level 3 in Long Blades
   414 | D:1      | Reached XP level 2. HP: 27/27 MP: 1/1
   691 | D:2      | Noticed Jessica
   697 | D:2      | Killed Jessica
   698 | D:2      | Reached XP level 3. HP: 33/33 MP: 2/2
   707 | D:2      | Reached skill level 4 in Long Blades
   780 | D:2      | Noticed Natasha
   790 | D:2      | Killed Natasha
   791 | D:2      | Reached XP level 4. HP: 14/41 MP: 3/3
   797 | D:2      | Reached skill level 5 in Long Blades
   798 | D:2      | Slain by a gnoll

Illustrated notes

Levels and vault maps discovered:
D:1:      sevenhm_arrival_forest_fort_small_6, layout_loops_ring,
          grunt_decor_resistance, feat_on_display
D:2:      layout_loops_ring, shapermc_ecumenical_altar_totnotflames,
          uniq_jessica, uniq_terence, uniq_natasha

Skill      XL: |  1  2  3  4 |
---------------+-------------+-----
Long Blades    | 3 4 5 |  5.0
Fighting       | 4 |  4.5
Armour         | |  3.6
Dodging        | |  0.3
Stealth        | |  0.1
Shields        | |  3.6

Action                     |  1- 3 |  4- 6 || total
---------------------------+-------+-------++-------
  Melee: Long sword        |    38 |     6 ||    44
         Headbutt          |     7 |       ||     7
    Use: Potion            |     1 |       ||     1
 Armour: Scale mail        |    31 |     6 ||    37
  Dodge: Dodged            |    14 |     2 ||    16
  Block: Buckler           |     5 |     4 ||     9

Table legend: (Time is in decaauts)
 A = Elapsed time spent in this place.
 B = Non-inter-level travel time spent in this place.
 C = Inter-level travel time spent in this place.
 D = Time resting spent in this place.
 E = Time spent auto-exploring this place.
 F = Levels seen in this place.
 G = Mean time per level.
                   A        B        C        D        E       F      G
               +--------+--------+--------+--------+--------+-----+--------+
         Total |    814 |    793 |     21 |      0 |    658 |   2 |  407.0 |
       Dungeon |    814 |    793 |     21 |      0 |    658 |   2 |  407.0 |
               +--------+--------+--------+--------+--------+-----+--------+

Top non-repeatable levels by time:
     D:1: 695 daAuts
     D:2: 119 daAuts
